 Dungeon Crawl Stone Soup version 0.21-a0-625-g1119ec1 (webtiles) character file.

355 xnavy the Firebug (level 6, -7/52 HPs)
             Began as a Deep Elf Fire Elementalist on Dec 24, 2017.
             Was an Initiate of Sif Muna.
             Mangled by Duvessa
             ... wielding a +0 short sword
              (13 damage)
             ... on level 5 of the Dungeon.
             The game lasted 00:12:08 (4400 turns).

xnavy the Firebug (Deep Elf Fire Elementalist)      Turns: 4400, Time: 00:12:09

Health: -7/52      AC:  3    Str: 10    XL:     6   Next: 36%
Magic:  0/14       EV: 12    Int: 22    God:    Sif Muna [......]
Gold:   197        SH:  0    Dex: 15    Spells: 5/13 levels left

rFire    . . .     SeeInvis .   h - +0 spear
rCold    . . .     Gourm    +   (no shield)
rNeg     . . .     Faith    .   a - +0 robe
rPois    .         Spirit   .   (no helmet)
rElec    .         Reflect  .   (no cloak)
rCorr    .         Harm     .   j - +0 pair of gloves
MR       .....                  (no boots)
Stlth    ..........             u - amulet of the gourmand {Gourm, !d}
HPRegen  0.17/turn              (no ring)
MPRegen  0.14/turn              (no ring)

@: berserking, flying, drained, very quick
A: no striking features
a: Renounce Religion


You were on level 5 of the Dungeon.
You worshipped Sif Muna.
Sif Muna was noncommittal.
You were completely stuffed.

You visited 2 branches of the dungeon, and saw 6 of its levels.
You also visited: Sewer.

You collected 197 gold pieces.

Inventory:

Hand Weapons
 e - a +1 dagger of protection
   (You took it off a goblin on level 3 of the Dungeon)
 h - a +0 spear (weapon)
   (You found it on level 1 of the Dungeon)
Missiles
 k - 58 stones (quivered)
Armour
 a - a +0 robe (worn)
 j - a +0 pair of gloves (worn)
   (You found it on level 1 of the Dungeon)
Jewellery
 u - an amulet of the gourmand (around neck) {Gourm, !d}
   (You found it on level 3 of the Dungeon)
Wands
 d - a wand of acid (4)
   (You found it on level 5 of the Dungeon)
Scrolls
 f - 2 scrolls of teleportation
 g - 4 scrolls of remove curse
Potions
 l - a potion of brilliance {unknown}
 o - a potion of heal wounds {unknown}
 p - 4 potions of curing
 q - a potion of degeneration {unknown}
 r - a potion of flight
 s - a potion of might {unknown}
Books
 b - a book of Flames
Comestibles
 c - 7 rations {@e1}


   Skills:
 + Level 1.9(0.8) Fighting
 - Level 2.4(1.3) Dodging
 - Level 2.4(1.3) Stealth
 + Level 4.4(3.3) Spellcasting
 * Level 4.2(3.1) Conjurations
 * Level 5.2(4.1) Fire Magic


You had 5 spell levels left.
You knew the following spells:

 Your Spells              Type           Power        Failure   Level  Hunger
a - Flame Tongue          Conj/Fire      ###..        2%          1    None
c - Conjure Flame         Conj/Fire      ###.....     8%          3    ###....
s - Sticky Flame          Conj/Fire      ###.....     26%         4    ####...


Dungeon Overview and Level Annotations

Branches:
Dungeon (5/15)             Temple (1/1) D:5

Altars:
Cheibriados
Dithmenos
Fedhas
Gozag
Hepliaklqana
Kikubaaqudgha
Makhleb
Okawaru
Qazlal
Ru
Sif Muna
Trog
Uskayaw
Yredelemnul
Zin
The Shining One

Annotations:
D:5 Dowan, Duvessa


Message History

You kneel at the altar of Sif Muna.
Sif Muna welcomes you!
You enter the shallow water.
Moving in this stuff is going to be slow.
There is a basalt altar of Yredelemnul here.
There is a shadowy altar of Dithmenos here.
There is a staircase back to the Dungeon here.
You climb upwards.
Welcome back to the Dungeon!
There is a staircase to the Ecumenical Temple here.
There is an open door here.
An orc and Duvessa come into view.
The orc shouts!
Duvessa shouts!
You hear a shout!
Attack whom?
Aim: an orc, wielding a flail You reach to attack!
You hit the orc.
Dowan, Brother of Duvessa comes into view.
He is wielding a dagger.
You barely miss the orc. The orc closely misses you.
You hit the orc. The orc closely misses you.
The fire ignites!
The orc barely misses you.
You now have 11/14 mp.
You hit the orc.
You kill the orc!
Sif Muna accepts your kill.
Aim: Dowan, wielding a dagger and wearing a robe The flame tongue hits Duvessa.
Duvessa appears unharmed.
You now have 10/14 mp.
Aim: Duvessa, wielding a short sword and wearing a ring mail The flame tongue misses Duvessa.
You now have 9/14 mp.
Aim: Duvessa, wielding a short sword and wearing a ring mail The flame tongue hits Duvessa.
You now have 8/14 mp.
Aim: Duvessa, wielding a short sword and wearing a ring mail (lightly wounded)
The flame tongue hits Duvessa.
Duvessa appears unharmed.
You now have 7/14 mp.
Aim: Duvessa, wielding a short sword and wearing a ring mail (lightly wounded)
The flame tongue misses Duvessa.
Aim: Duvessa, wielding a short sword and wearing a ring mail (lightly wounded)
The flame tongue hits Duvessa.
Duvessa appears unharmed.
Dowan casts a spell at you.
You hear a sizzling sound!
You now have 6/14 mp.
Aim: Duvessa, wielding a short sword and wearing a ring mail (lightly wounded)
The flame tongue hits Duvessa.
Duvessa appears unharmed.
You now have 5/14 mp.
Aim: Duvessa, wielding a short sword and wearing a ring mail (lightly wounded)
Okay, then.
Aim: Duvessa, wielding a short sword and wearing a ring mail (lightly wounded)
The sticky flame hits Duvessa.
Duvessa appears unharmed.
Duvessa is covered in liquid flames!
Duvessa burns!
You now have 1/14 mp.
You barely miss Duvessa.
Duvessa burns!
Duvessa closely misses you. x2
You hit Duvessa.
Duvessa burns!
Duvessa stops burning.
Duvessa hits you with a short sword.
You take 6 damage, and have 29/35 hp.
You barely miss Duvessa. Duvessa hits you with a short sword!
You take 8 damage, and have 21/35 hp.
MASSIVE DAMAGE!!
Aim: Duvessa, wielding a short sword and wearing a ring mail (heavily wounded)
The flame tongue hits Duvessa.
Duvessa misses you.
Aim: Duvessa, wielding a short sword and wearing a ring mail (heavily wounded)
The flame tongue hits Duvessa.
Dowan casts a spell.
Dowan blinks!
Duvessa closely misses you.
You now have 0/14 mp.
You hit Duvessa but do no damage. Duvessa hits you with a short sword.
You take 2 damage, and have 19/35 hp.
You hit Duvessa. Duvessa hits you with a short sword.
You take 3 damage, and have 16/35 hp.
You barely miss Duvessa. Duvessa hits you with a short sword!
* * * LOW HITPOINT WARNING * * *
Dowan mumbles some strange words.
Dowan blinks!
You take 7 damage, and have 9/35 hp.
You are too injured to fight recklessly!
You are too injured to fight recklessly!
You are too injured to fight recklessly!
You are too injured to fight recklessly!
You barely miss Duvessa. Duvessa hits you with a short sword.
* * * LOW HITPOINT WARNING * * *
Dowan's feet meld with the ground, briefly.
You take 2 damage, and have 7/35 hp.
It was a potion of curing.
You feel better. Duvessa hits you with a short sword!
* * * LOW HITPOINT WARNING * * *
You take 1 damage, and have 6/35 hp.
It was a potion of flight.
You feel very buoyant.
You fly up into the air.
Duvessa barely misses you.
Aim: Duvessa, wielding a short sword and wearing a ring mail (severely wounded)
The flame tongue hits Duvessa.
Duvessa hits you with a short sword.
* * * LOW HITPOINT WARNING * * *
Dowan gestures wildly while chanting.
Dowan blinks!
You take 2 damage, and have 4/35 hp.
You now have 0/14 mp.
It was a potion of berserk rage.
A red film seems to cover your vision as you go berserk!
You feel yourself moving faster!
You feel mighty! Duvessa hits you with a short sword!
You die...

#.##.....# #..#.⌠.⌠.#
#..+..>..+ #..#.⌠.⌠.#
#..#.....# +..###'###
#.......#
#.###########.....#..#
#.<...e@.e....##..##.#
......####....###.##
... ..... #........#
#..# ....
#....########..# ...
#............... ..
#..........###.. .
#...............
#.#........###..
#.#.............


You could see Duvessa and Dowan.

Vanquished Creatures
  A big kobold (Sewer)
  A jelly (D:5)
  An orc priest (D:3)
  A hound (D:5)
  Terence (D:2)
  A worker ant (D:4)
  3 adders
  A river rat (Sewer)
  An ooze (D:2)
  An adder skeleton (D:3)
  2 worms
  2 dart slugs
  A leopard gecko (D:3)
  3 orcs
  7 bats
  7 giant cockroaches
  9 goblins
  7 hobgoblins
  7 jackals
  3 quokkas
  2 ball pythons (D:3)
  4 frilled lizards
  11 kobolds
  15 rats
92 creatures vanquished.

Notes
Turn   | Place    | Note
-------+----------+-------------------------------------------
     0 | D:1      | xnavy the Deep Elf Fire Elementalist began the quest for the Orb.
     0 | D:1      | Reached XP level 1. HP: 10/10 MP: 6/6
   186 | D:1      | Reached XP level 2. HP: 11/15 MP: 5/8
   502 | D:1      | Reached skill level 2 in Conjurations
   676 | D:1      | Reached XP level 3. HP: 20/20 MP: 6/9
  1328 | D:2      | Found an ancient bone altar of Kikubaaqudgha.
  1506 | D:2      | Noticed Terence
  1512 | D:2      | Learned a level 3 spell: Inner Flame
  1518 | D:2      | Learned a level 3 spell: Conjure Flame
  1529 | D:2      | Killed Terence
  1529 | D:2      | Reached skill level 4 in Fire Magic
  1529 | D:2      | Reached XP level 4. HP: 24/24 MP: 0/11
  1832 | D:2      | Reached skill level 1 in Fighting
  2453 | D:3      | Reached skill level 3 in Conjurations
  2558 | D:3      | Found a glowing drain.
  2637 | Sewer    | Entered a sewer
  2642 | Sewer    | Reached XP level 5. HP: 29/29 MP: 8/12
  2665 | Sewer    | Learned a level 4 spell: Sticky Flame
  2745 | Sewer    | Reached skill level 4 in Spellcasting
  2758 | Sewer    | HP: 7/29 [poisoned by a kobold]
  2765 | Sewer    | HP: 5/29 [poisoned by a kobold]
  2772 | Sewer    | HP: 3/29 [poisoned by a kobold]
  2780 | Sewer    | HP: 2/29 [poisoned by a kobold]
  3081 | Sewer    | Found a glowing silver altar of Zin.
  3516 | D:3      | Reached skill level 5 in Fire Magic
  3874 | D:4      | Reached skill level 4 in Conjurations
  3874 | D:4      | Reached XP level 6. HP: 25/35 MP: 8/14
  4076 | D:5      | Entered Level 5 of the Dungeon
  4199 | D:5      | Found a staircase to the Ecumenical Temple.
  4205 | Temple   | Entered the Ecumenical Temple
  4328 | Temple   | Became a worshipper of Sif Muna the Loreminder
  4373 | D:5      | Noticed Duvessa
  4375 | D:5      | Noticed Dowan
  4396 | D:5      | HP: 7/35 [Duvessa/short sword (2)]
  4400 | D:5      | Mangled by Duvessa

Vault maps used:
D:1:      dpeg_arrival_line_fractal, minmay_tall_x
D:2:      kiku_gazebo_garden_becter, first_ration, uniq_terence
D:3:      portal_sewer_entry_c
D:4:      nicolae_overflow_hidden_temple
D:5:      chequers_temple_overflow_statue_of_worship, minmay_temple_entry_hall,
          uniq_duvessa
Temple:   regret_index_temple_waves
Sewer:    sewer_kobolds

Skill      XL: |  1  2  3  4  5 |
---------------+----------------+-----
Conjurations   | 2 3 4 |  4.2
Fire Magic     | 4 5 |  5.2
Fighting       | 1 |  1.9
Spellcasting   | 4 |  4.4
Dodging        | |  2.4
Stealth        | |  2.4

Action                   |  1- 3 |  4- 6 || total
-------------------------+-------+-------++-------
Melee: Spear             |     1 |    17 ||    18
 Cast: Flame Tongue      |    63 |   116 ||   179
       Conjure Flame     |     1 |     1 ||     2
       Sticky Flame      |       |     2 ||     2
  Use: Scroll            |       |     6 ||     6
       Potion            |       |     3 ||     3
  Eat: Ration            |     1 |     1 ||     2
       Chunk             |       |    15 ||    15
Armor: Robe              |     6 |    10 ||    16
Dodge: Dodged            |     9 |    45 ||    54

Table legend:
 A = Spawn XP
 B = Non-spawn XP
 C = Spawn XP percentage of total XP
 D = Spawn monster count
 E = Non-spawn monster count
 F = Spawn count percentage of total count
 G = Total turns spent on level
                    A         B        C        D         E        F      G
               +---------+---------+-------+---------+---------+-------+---------
         Total |       0 |     508 |   0.0 |       0 |      92 |   0.0 |  4400
               +---------+---------+-------+---------+---------+-------+---------
           D:1 |       0 |      51 |   0.0 |       0 |      31 |   0.0 |  1170
           D:2 |       0 |      71 |   0.0 |       0 |      13 |   0.0 |  1133
           D:3 |       0 |     118 |   0.0 |       0 |      33 |   0.0 |  1067
           D:4 |       0 |      55 |   0.0 |       0 |       4 |   0.0 |   217
           D:5 |       0 |      88 |   0.0 |       0 |       3 |   0.0 |   171
         Sewer |       0 |     125 |   0.0 |       0 |       8 |   0.0 |   489
               +---------+---------+-------+---------+---------+-------+---------

Vault maps used:
D:1:      dpeg_arrival_line_fractal, minmay_tall_x
D:2:      kiku_gazebo_garden_becter, first_ration, uniq_terence
D:3:      portal_sewer_entry_c
D:4:      nicolae_overflow_hidden_temple
D:5:      chequers_temple_overflow_statue_of_worship, minmay_temple_entry_hall,
          uniq_duvessa
Temple:   regret_index_temple_waves
Sewer:    sewer_kobolds

Table legend:
 A = Turns spent in this place as a percentage of turns spent in the entire game.
 B = Non-inter-level travel turns spent in this place as a percentage of non-inter-level travel turns spent in the entire game.
 C = Inter-level travel turns spent in this place as a percentage of turns spent in this place.
 D = Turns resting spent in this place as a percentage of non-inter-level travel turns spent in this place.
 E = Turns spent auto-exploring this place as a percentage of non-inter-level travel turns spent in this place.
 F = Non-inter-level travel turns spent in this place divided by the number of levels of this place that you've seen.
                   A       B       C       D       E      F
               +-------+-------+-------+-------+-------+----------------------
         Total | 100.0 | 100.0 |   2.9 |  37.4 |  41.9 | 610.3
       Dungeon |  85.4 |  85.6 |   2.7 |  34.5 |  43.7 | 731.6
        Temple |   3.5 |   2.9 |  18.3 |   0.0 |  85.6 | 125.0
         Sewer |  11.1 |  11.4 |   0.0 |  68.9 |  17.6 | 489.0
               +-------+-------+-------+-------+-------+----------------------

Table legend:
 A = Kills in this place as a percentage of kills in entire the game.
 B = Kills by you in this place as a percentage of kills by you in the entire game.
 C = Kills by friends in this place as a percentage of kills by friends in the entire game.
 D = Other kills in this place as a percentage of other kills in the entire game.
 E = Experience gained in this place as a percentage of experience gained in the entire game.
 F = Experience gained in this place divided by the number of levels of this place that you have seen.
                   A       B       C       D       E      F
               +-------+-------+-------+-------+-------+----------------------
         Total | 100.0 | 100.0 |   N/A |   N/A | 100.0 |  72.6
       Dungeon |  91.3 |  91.3 |   N/A |   N/A |  75.4 |  76.6
         Sewer |   8.7 |   8.7 |   N/A |   N/A |  24.6 | 125.0
               +-------+-------+-------+-------+-------+----------------------
